 Dungeon Crawl Stone Soup version 0.30-a0-4-ga7cffc901d (webtiles) character file.

Game seed: 502045742313025615

470 drugrobin the Sneak (level 6, -2/51 HPs)
             Began as a Demigod Delver on Aug 21, 2022.
             Slain by a black bear (6 damage)
             ... on level 6 of the Dungeon.
             The game lasted 00:11:03 (5468 turns).

drugrobin the Sneak (Demigod Delver)                Turns: 5468, Time: 00:11:03

Health: -2/51      AC:  6    Str: 13    XL:     6   Next: 52%
Magic:  17/17      EV: 12    Int: 16    God:
Gold:   233        SH:  0    Dex: 19    Spells: 1/5 levels left

rFire   . . .      SeeInvis .    a - +1 dagger (elec)
rCold   . . .      Faith    .    (no shield)
rNeg    . . .      Spirit   .    k - +0 leather armour
rPois   .          Reflect  .    d - +2 hat
rElec   .          Harm     .    z - +0 cloak
rCorr   .          Rampage  .    (no gloves)
Will    .....                    (no boots)
Stlth   +++.......               x - amulet of regeneration
HPRegen 0.97/turn                n - ring of magical power
MPRegen 0.15/turn                (no ring)

@: no status effects
A: high MP 1, forlorn, divine attributes
a: no special abilities


You were on level 6 of the Dungeon.
You visited 1 branch of the dungeon, and saw 6 of its levels.
You also visited: Sewer.

You collected 263 gold pieces.
You spent 30 gold pieces at shops.

Inventory:

Hand Weapons
 a - a +1 dagger of electrocution (weapon)
 b - a +0 sling
 c - a +2 short sword of draining
 t - a +0 short sword
 w - a +0 dagger of speed
Missiles
 h - 12 poisoned darts (quivered)
Armour
 d - a +2 hat (worn)
 i - a +0 ring mail
 k - a +0 leather armour (worn)
 z - a +0 cloak (worn)
Jewellery
 n - a ring of magical power (left hand)
 x - an amulet of regeneration (around neck)
Wands
 g - a wand of digging (1)
 H - a wand of light (10)
Scrolls
 e - 3 scrolls of fear
 f - 2 scrolls of enchant armour {unknown}
 j - 2 scrolls of immolation {unknown}
 l - a scroll of torment {unknown}
 m - a scroll of magic mapping
 s - a scroll of enchant weapon {unknown}
 v - a scroll of blinking
 y - a scroll of teleportation
 A - a scroll of vulnerability
 B - a scroll of fog
 E - a scroll of brand weapon {unknown}
Potions
 o - a potion of flight {unknown}
 p - a potion of degeneration {unknown}
 q - 3 potions of curing {unknown}
 u - a potion of magic {unknown}
 C - 2 potions of invisibility {unknown}
 D - 2 potions of attraction {unknown}
 F - a potion of resistance {unknown}
 G - a potion of mutation {unknown}


   Skills:
 + Level 3.5 Fighting
 * Level 4.9 Short Blades
 - Level 1.8 Dodging
 + Level 5.3 Stealth
 * Level 2.7 Hexes


You had one spell level left.
You knew the following spells:

 Your Spells              Type           Power      Damage    Failure   Level
a - Slow                  Hex            32%        N/A       11%         1
b - Confusing Touch       Hex            8%         N/A       32%         3

Your spell library contained the following spells:

 Spells                   Type           Power      Damage    Failure   Level
 Tukima's Dance           Hex            8%         N/A       32%         3
 Portal Projectile        Hex/Tloc       8%         N/A       50%         3
 Stone Arrow              Conj/Erth      0%         3d7       67%         3
 Vampiric Draining        Necr           0%         2d6       67%         3
 Animate Armour           Summ/Erth      0%         N/A       97%         4
 Blade Hands              Tmut           0%         N/A       100%        5
 Lehudib's Crystal Spear  Conj/Erth      0%         10d2      100%        8


Dungeon Overview and Level Annotations

Branches:
Dungeon (6/15)             Temple (0/1) D:5           Sewer (visited)

Shops:
D:5 *


Innate Abilities, Weirdness & Mutations

You have an increased reservoir of magic. (+10% MP)
You shall have no god before yourself.
Your divine heritage dramatically boosts your attributes as you level up.


Message History

The black bear bites you. The black bear claws you.
The black bear barely misses you. The black bear bites you!
* * * LOW HITPOINT WARNING * * *
The black bear claws you but does no damage.
The black bear claws you.
* * * LOW HITPOINT WARNING * * *
Unknown command.
Unknown command.
Unknown command.
Throw: throwing net
Press: ? - help, Shift-Dir - straight line, f - black bear
Aim: a black bear (almost dead, berserk, 69% to hit)
You throw a throwing net. The throwing net hits the black bear.
The black bear is caught in the net!
The black bear is almost dead.
The black bear struggles against the net.
Unknown command.
You hit the black bear.
The black bear is almost dead.
The black bear struggles against the net.
You hit the black bear.
The black bear is almost dead.
The black bear struggles against the net.
The net rips apart, and the black bear comes free!
Unknown command.
Okay, then.
Unknown command.
Unknown command.
Unknown command.
Unknown command.
Unknown command.
You hit the black bear.
The black bear is almost dead.
The black bear bites you!
* * * LOW HITPOINT WARNING * * *
The black bear claws you but does no damage. x2
The black bear bites you.
* * * LOW HITPOINT WARNING * * *
The black bear claws you.
You die...

###......#..#####.##
#.....#.##.#.####...#
#.###.#..#...###..###
#.....##.##.)####
#.###.#.....#.<.# #.#
#...........## #.#
#....##.......
#.#...##.###......
#@#.## #..##......
#h................
.....#######......
........ ........
....!##### #####....
....#.# ##... .....
.# #.## ##.... .# #..
# #.# #


You could see a black bear (berserk).

Vanquished Creatures
  2 scorpions
  A howler monkey (D:4)
  A hound (D:4)
  8 gnolls
  9 adders
  A shadow imp (D:6)
  An ufetubus (D:4)
  5 worms
  2 dart slugs (D:1)
  4 orcs
  10 ball pythons
  3 bats
  5 endoplasms
  6 giant cockroaches
  9 goblins
  7 hobgoblins
  8 quokkas
  3 frilled lizards
  4 kobolds
  12 rats
101 creatures vanquished.

Notes
Turn   | Place    | Note
-------+----------+-------------------------------------------
     0 | D:5      | drugrobin the Demigod Delver began the quest for the Orb.
     0 | D:5      | Reached XP level 1. HP: 18/18 MP: 3/3
     1 | D:5      | Found a staircase to the Ecumenical Temple.
    27 | D:5      | Found a glowing drain.
    58 | Sewer    | Entered a sewer
   140 | Sewer    | Reached XP level 2. HP: 25/25 MP: 4/4
   488 | D:4      | Reached XP level 3. HP: 19/30 MP: 5/5
  1851 | D:2      | Reached XP level 4. HP: 37/37 MP: 6/6
  1881 | D:2      | Learned a level 1 spell: Slow
  3170 | D:2      | Reached skill level 1 in Hexes
  3541 | D:3      | Reached XP level 5. HP: 44/45 MP: 7/7
  3980 | D:4      | Learned a level 3 spell: Confusing Touch
  4031 | D:4      | Reached skill level 5 in Stealth
  4146 | D:4      | Reached XP level 6. HP: 41/51 MP: 8/8
  4352 | D:5      | Found Ruastusi's General Store.
  4359 | D:5      | Bought a scroll of identify for 30 gold pieces
  5468 | D:6      | Slain by a black bear

Illustrated notes

Levels and vault maps discovered:
D:1:      sevenhm_arrival_forest_fort_large_2, layout_loops_ring,
          solitary_fountain, minivault_14, minmay_quantized
D:2:      wander_river, layout_loops_ring, shapermc_ecumenical_altar_venn,
          nicolae_elevator_lobby_plus
D:3:      layout_loops_cross
D:4:      layout_rooms
D:5:      layout_layer_cave, elyvilon_altar_5, minmay_temple_entry_arrows,
          gup_sewer_entry_spiral, serial_shops, nicolae_shop_advertising_works
          [nicolae_subvault_shop_adworks]
D:6:      layout_rooms, grunt_qazlal_sundering, grunt_temple_overflow_cloverleaf

Skill      XL: |  1  2  3  4  5 |
---------------+----------------+-----
Short Blades   | 2 3 4 |  4.9
Fighting       | 3 |  3.5
Hexes          | 1 2 |  2.7
Stealth        | 5 |  5.3
Dodging        | |  1.8

Action                   |  1- 3 |  4- 6 || total
-------------------------+-------+-------++-------
Melee: Short sword       |   136 |   129 ||   265
       Dagger            |       |   137 ||   137
       Punch             |       |     1 ||     1
 Fire: Sling             |     4 |    16 ||    20
Throw: Dart              |       |     8 ||     8
       Throwing net      |       |     1 ||     1
 Cast: Slow              |       |     3 ||     3
Evoke: Wand              |     2 |       ||     2
  Use: Scroll            |     1 |     3 ||     4
       Potion            |     1 |       ||     1
 Stab: Sleeping          |     9 |    10 ||    19
       Distracted        |       |     1 ||     1
Armor: Leather armour    |    15 |    66 ||    81
       Ring mail         |    27 |       ||    27
Dodge: Dodged            |    62 |   122 ||   184

Table legend: (Time is in decaauts)
 A = Elapsed time spent in this place.
 B = Non-inter-level travel time spent in this place.
 C = Inter-level travel time spent in this place.
 D = Time resting spent in this place.
 E = Time spent auto-exploring this place.
 F = Levels seen in this place.
 G = Mean time per level.
                   A        B        C        D        E       F      G
               +--------+--------+--------+--------+--------+-----+--------+
         Total |   5457 |   5327 |    130 |    702 |   3392 |   7 |  779.6 |
       Dungeon |   5322 |   5192 |    130 |    702 |   3352 |   6 |  887.0 |
         Sewer |    135 |    135 |      0 |      0 |     39 |   1 |  135.0 |
               +--------+--------+--------+--------+--------+-----+--------+

Top non-repeatable levels by time:
     D:5: 1294 daAuts
     D:2: 1286 daAuts
     D:1: 1047 daAuts
     D:3: 840 daAuts
     D:4: 680 daAuts
     D:6: 173 daAuts
   Sewer: 135 daAuts
